 Dungeon Crawl Stone Soup version 0.24.1-14-gf8d2b509d9 (webtiles) character file.

Game seed: 6442525574922371828, levelgen mode: deterministic

408 Curus the Spear-Bearer (level 6, -4/44 HPs)
             Began as a Merfolk Gladiator on May 27, 2020.
             Was an Initiate of Trog.
             Slain by a two-headed ogre
             ... wielding a +0 giant club
              (26 damage)
             ... on level 4 of the Dungeon.
             The game lasted 00:16:44 (2579 turns).

Curus the Spear-Bearer (Merfolk Gladiator)          Turns: 2579, Time: 00:16:44

Health: -4/44      AC:  6    Str: 14    XL:     6   Next: 88%
Magic:  0/6        EV: 14    Int:  7    God:    Trog [......]
Gold:   151        SH:  0    Dex: 18    Spells: 5/5 levels left

rFire    . . .     SeeInvis .   a - +0 trident
rCold    + . .     Gourm    .   (no shield)
rNeg     . . .     Faith    .   b - +0 leather armour
rPois    .         Spirit   +   c - +0 helmet
rElec    .         Reflect  .   k - +0 cloak
rCorr    .         Harm     .   e - +0 pair of gloves
MR       .....                  (no boots)
Stlth    +.........             j - amulet of guardian spirit
HPRegen  0.14/turn              m - ring of protection from cold
MPRegen  0.10/turn              (no ring)

@: no status effects
A: change form in water, swift swim, stealthy swim
a: Renounce Religion


You were on level 4 of the Dungeon.
You worshipped Trog.
Trog was noncommittal.
You were very hungry.

You visited 1 branch of the dungeon, and saw 4 of its levels.

You collected 151 gold pieces.

Inventory:

Hand Weapons
 a - a +0 trident (weapon)
Missiles
 d - a throwing net (quivered)
Armour
 b - a +0 leather armour (worn)
 c - a +0 helmet (worn)
 e - a +0 pair of gloves (worn)
 k - a +0 cloak (worn)
Jewellery
 j - an amulet of guardian spirit (around neck)
 m - a ring of protection from cold (left hand)
Scrolls
 h - a scroll of teleportation
 i - 2 scrolls of identify
Potions
 g - 2 potions of magic
 l - a potion of brilliance
Comestibles
 f - 8 rations


   Skills:
 - Level 2.1 Fighting
 + Level 10.6 Polearms
 - Level 2.0 Throwing
 - Level 4.0 Dodging


You had 5 spell levels left.
You didn't know any spells.
Your spell library contained the following spells:

 Spells                   Type           Power        Failure   Level  Hunger
 Confusing Touch          Hex            #.....       52%         1    ##.....
 Confuse                  Hex            #.......     87%         3    ####...
 Gell's Gravitas          Tloc           #.........   87%         3    ####...
 Petrify                  Tmut/Erth      #.......     99%         4    #####..
 Metabolic Englaciation   Hex/Ice        #.........   100%        5    ######.
 Yara's Violent Unravell  Hex/Tmut       #.........   100%        5    ######.


Dungeon Overview and Level Annotations

Branches:
Dungeon (4/15)
 Temple: D:4-7

Altars:
Ashenzari
Ru
Trog


Message History

The two-headed ogre struggles against the net.
You puncture the two-headed ogre!
The two-headed ogre is severely wounded.
The two-headed ogre struggles against the net.
You strike the helpless two-headed ogre from behind!
You puncture the two-headed ogre!
The two-headed ogre is almost dead.
You catch the helpless two-headed ogre completely off-guard!
You hit the two-headed ogre.
The two-headed ogre is almost dead.
The two-headed ogre struggles against the net.
You hit the two-headed ogre.
The two-headed ogre is almost dead.
The two-headed ogre struggles against the net.
The net rips apart, and the two-headed ogre comes free!
You hit the two-headed ogre.
The two-headed ogre is almost dead.
The two-headed ogre hits you with a +0 giant club!!
Ouch! That really hurt!
You die...

... #.. #.. #.. #.. #.###..
.......####################
........hO@..............>#
........####.##############
#.##########.## ..........#
########..# #..# #(.# #..#
#..#


You could see a two-headed ogre and a hound.

Vanquished Creatures
  Menkaure (D:4)
  An ogre (D:3)
  Crazy Yiuf (D:3)
  A worker ant (D:3)
  An orc wizard (D:3)
  5 adders
  2 oozes
  A worm (D:2)
  2 dart slugs
  5 leopard geckos
  2 orcs (D:3)
  3 giant cockroaches
  5 goblins
  9 hobgoblins
  2 jackals (D:1)
  3 quokkas
  A ball python (D:2)
  2 bats
  2 frilled lizards
  6 kobolds
  10 rats
65 creatures vanquished.

Notes
Turn   | Place    | Note
-------+----------+-------------------------------------------
     0 | D:1      | Curus the Merfolk Gladiator began the quest for the Orb.
     0 | D:1      | Reached XP level 1. HP: 16/16 MP: 1/1
   101 | D:1      | Reached skill level 5 in Polearms
   189 | D:1      | Reached XP level 2. HP: 22/22 MP: 2/2
   584 | D:1      | Reached skill level 6 in Polearms
   584 | D:1      | Reached XP level 3. HP: 27/27 MP: 3/3
  1242 | D:2      | Reached XP level 4. HP: 33/33 MP: 4/4
  1243 | D:2      | Reached skill level 7 in Polearms
  1614 | D:3      | Reached skill level 8 in Polearms
  1614 | D:3      | Reached XP level 5. HP: 37/38 MP: 5/5
  1686 | D:3      | Noticed an ogre
  1691 | D:3      | Killed an ogre
  1691 | D:3      | Reached skill level 9 in Polearms
  1731 | D:3      | Reached XP level 6. HP: 21/44 MP: 3/6
  1992 | D:3      | Found a runed translucent door.
  1993 | D:3      | Noticed Crazy Yiuf
  2154 | D:3      | Killed Crazy Yiuf
  2308 | D:4      | Noticed Menkaure
  2319 | D:4      | Killed Menkaure
  2319 | D:4      | Reached skill level 10 in Polearms
  2463 | D:4      | Found a bloodstained altar of Trog.
  2469 | D:4      | Found a shattered altar of Ashenzari.
  2470 | D:4      | Found a sacrificial altar of Ru.
  2479 | D:4      | Became a worshipper of Trog the Wrathful
  2553 | D:4      | Noticed a two-headed ogre
  2579 | D:4      | Slain by a two-headed ogre

Levels and vault maps discovered:
D:1:      dpeg_arrival_rooms_a, layout_basic, st_stairs_14
D:2:      layout_rooms, minmay_fountain_box
D:3:      layout_rooms, first_ration, uniq_crazy_yiuf_cottage
D:4:      layout_basic, minitemple, uniq_menkaure

Skill      XL: |  1  2  3  4  5  6 |
---------------+-------------------+-----
Polearms       | 5 6 8 9 10 | 10.6
Fighting       | |  2.1
Throwing       | |  2.0
Dodging        | |  4.0

Action                   |  1- 3 |  4- 6 || total
-------------------------+-------+-------++-------
Melee: Trident           |   100 |   152 ||   252
Throw: Throwing net      |       |     2 ||     2
  Use: Scroll            |     5 |     2 ||     7
       Potion            |     8 |       ||     8
 Stab: Sleeping          |     2 |     1 ||     3
       Held in net/web   |       |     5 ||     5
  Eat: Chunk             |     1 |     3 ||     4
Armor: Leather armour    |    15 |    13 ||    28
Dodge: Dodged            |    50 |    64 ||   114
